 Dungeon Crawl Stone Soup version 0.31.0-1-g2c135a008e (webtiles) character file.

Game seed: 5539211414188662779

955 qw the Shooter (level 8, -3/58 HPs)
             Began as a Djinni Hunter on Jan 24, 2024.
             Slain by a wight
             ... wielding a +5 morningstar of freezing
              (7 damage)
             ... on level 7 of the Dungeon.
             The game lasted 00:00:20 (3250 turns).

qw the Shooter (Djinni Hunter)                      Turns: 3250, Time: 00:00:21

Health: -3/58      AC:  6    Str: 10    XL:     8   Next: 36%
Gold:   26         EV: 15    Int: 12    God:
                   SH:  0    Dex: 21

rFire   + + .        a - +2 shortbow
rCold   x . .        (shield currently unavailable)
rNeg    . . .        e - +2 robe "Put-Me-On" {Regen+ Dex+3}
rPois   inf          (no helmet)
rElec   .            h - +0 cloak
rCorr   .            k - +0 pair of gloves
SInv    .            (boots unavailable)
Will    .....        d - amulet of the acrobat
Stlth   ++           (no ring)
HPRegen 1.09/turn    (no ring)
MPRegen 0.00/turn

%: acrobat, infuse magic (-4 HP)
@: flying
A: sickness immunity, fire resistance 2, cold vulnerability 1, float, innate
caster, HP casting, extra vitality 1
a: no special abilities


You were on level 7 of the Dungeon.
You visited 1 branch of the dungeon, and saw 6 of its levels.

You collected 194 gold pieces.
You spent 168 gold pieces at shops.


Innate Abilities, Weirdness & Mutations

You are immune to sickness and miasma.
You are immune to poison.
Your flesh is very heat resistant. (rF++)
You are vulnerable to cold. (rC-)
You float through the air rather than walking.
You learn spells naturally, not from books.
Your magical power is your life essence.
You have superior vitality. (+4 MHP)


   Skills:
 - Level 4.0 Fighting
 + Level 6.5 Ranged Weapons
 - Level 1.6 Armour
 - Level 5.3 Dodging
 - Level 0.7 Stealth


You knew the following spells:

 Your Spells              Type           Power      Damage    Failure   Level
a - Sting                 Conj/Alch      0%         1d3       32%         1
b - Lesser Beckoning      Tloc           0%         N/A       45%         2
c - Frozen Ramparts       Ice            0%         1d1       69%         3
Your spell library was empty.

Inventory:

Hand Weapons
 a - a +2 shortbow (weapon)
Armour
 e - the +2 robe "Put-Me-On" (worn) {Regen+ Dex+3}
   (You found it on level 2 of the Dungeon)

   Dex+3:     It affects your dexterity (+3).
   Regen+:    It increases your rate of health regeneration.
 h - a +0 cloak (worn)
 k - a +0 pair of gloves (worn)
Jewellery
 d - an amulet of the acrobat (around neck)
Scrolls
 b - 2 scrolls of teleportation
Potions
 f - a potion of haste
 g - a potion of heal wounds
 i - 2 potions of enlightenment
 j - a potion of invisibility {unknown}
 l - 4 potions of curing

Dungeon Overview and Level Annotations

Branches:
Dungeon (7/15)
 Temple: D:4-7

Altars:
Dithmenos
Elyvilon
Gozag
Hepliaklqana
Trog
Wu Jian

Shops:
D:7 !

Annotations:
D:4 2 transporters, qw's ghost, amateur DjHu


Message History

You shoot an arrow. The arrow closely misses the bullfrog.
The arrow hits the wight.
You destroy the wight!
The wight barely misses you.
The bullfrog hits you but does no damage.
You shoot an arrow. The arrow barely misses the bullfrog.
The arrow hits the wight.
The wight is moderately damaged.
The bullfrog misses you. The wight misses you. The bullfrog closely misses you.
You shoot an arrow. The arrow hits the bullfrog.
The bullfrog is heavily wounded.
The wight hits you from afar with a +0 trident!
The bullfrog misses you.
The wight hits you from afar with a +0 trident!
You shoot an arrow.
The arrow completely misses the bullfrog.
The arrow barely misses the wight.
The bullfrog completely misses you. The bullfrog misses you.
The wight barely misses you.
You shoot an arrow. The arrow hits the bullfrog!
The bullfrog is almost dead.
The bullfrog hits you. The wight completely misses you.
You shoot an arrow. The arrow hits the bullfrog.
You kill the bullfrog!
The wight misses you.
You shoot an arrow. The arrow hits the wight.
The wight is moderately damaged.
The wight closely misses you.
The wight hits you from afar with a +0 trident.
You shoot an arrow.
The arrow hits the wight but does no damage.
The wight is moderately damaged.
The wight hits you with a +5 morningstar of freezing!
The wight freezes you.
The wight hits you from afar with a +0 trident!
You shoot an arrow. The arrow hits the wight!
The wight is almost destroyed.
The wight hits you with a +5 morningstar of freezing!
The wight freezes you!
You die...

..######.######....## #.#
#.. #~~........(#....####.#
#.. #~~~.(...)..#.........#
#..
#~~~~...7_..#...#####.###..
#~~~...(....#...# #......
#~~~........#..## #.##...
#~~.........#..## #......
#~~.........##..#####..##..
##########@##.......#.#####
.#..#### #z#........%.#
.....)..###)z..........#
....###...).........^..#
........z###......>....#
.....###z..............#
.......................#
....z..................#
........##............#


You could see 2 wights.

Vanquished Creatures
  A sky beast (D:7)
  A bullfrog (D:7)
  4 scorpions
  3 wights (D:7)
  3 hounds
  A bombardier beetle (D:3)
  2 orc priests
  An iguana (D:4)
  2 orc wizards
  2 adders
  A white imp (D:5)
  2 ufetubi (D:7)
  3 ribbon worms
  2 dart slugs
  8 orcs
  13 endoplasms
  8 giant cockroaches
  8 goblins
  4 hobgoblins
  4 jackals (D:1)
  4 kobolds
  7 quokkas
  7 ball pythons
  5 bats
  3 frilled lizards
  3 rats
102 creatures vanquished.

Notes
Turn   | Place    | Note
-------+----------+-------------------------------------------
     0 | D:1      | qw the Djinni Hunter began the quest for the Orb.
     0 | D:1      | Reached XP level 1. HP: 18/18 MP: 0/0
     0 | D:1      | 0 ||| qw: Version: 0.3-a-136-gdd3b4e8
     0 | D:1      | 0 ||| qw: Game counter: 1433
     0 | D:1      | 0 ||| qw: Melee chars always use a shield: true
     0 | D:1      | 0 ||| qw: God list: Okawaru
     0 | D:1      | 0 ||| qw: Allow faded altars: false
     0 | D:1      | 0 ||| qw: Do Orc after clearing Dungeon:15 true
     0 | D:1      | 0 ||| qw: Do second Lair branch before Depths: true
     0 | D:1      | 0 ||| qw: Lair rune preference: random
     0 | D:1      | 0 ||| qw: Goals: Normal
     0 | D:1      | 0 ||| PLANNING D:1-11
    62 | D:1      | 62 ||| UPGRADING to amulet of the acrobat.
    69 | D:1      | Reached XP level 2. HP: 21/23 MP: 0/0
   195 | D:1      | 195 ||| RETREEEEATING.
   204 | D:1      | Reached XP level 3. HP: 26/28 MP: 0/0
   204 | D:1      | Learned a level 1 spell: Sting
   206 | D:1      | Reached skill level 4 in Ranged Weapons
   663 | D:1      | 663 ||| READING 2 scrolls labelled WAAGECAARY.
   663 | D:1      | 663 ||| IDENTIFYING yellow potion
   664 | D:1      | 664 ||| READING scroll of identify.
   664 | D:1      | 664 ||| IDENTIFYING fizzy emerald potion
   665 | D:1      | 665 ||| READING scroll labelled JASSOEG ODOWN.
   666 | D:1      | 666 ||| DROPPING scroll of butterflies.
   667 | D:1      | 667 ||| DROPPING potion of brilliance.
   668 | D:1      | 668 ||| DROPPING potion of lignification.
   807 | D:2      | Identified the +2 robe "Put-Me-On" {Regen+ Dex+3}
   911 | D:2      | Reached XP level 4. HP: 34/34 MP: 0/0
  1319 | D:2      | 1319 ||| UPGRADING to +2 robe "Put-Me-On" {Regen+ Dex+3}.
  1329 | D:2      | 1329 ||| DROPPING +0 leather armour.
  1330 | D:2      | 1330 ||| READING 3 scrolls of identify.
  1330 | D:2      | 1330 ||| IDENTIFYING amethyst potion
  1331 | D:2      | 1331 ||| READING 2 scrolls of identify.
  1331 | D:2      | 1331 ||| IDENTIFYING viscous amethyst potion
  1332 | D:2      | 1332 ||| READING scroll of identify.
  1332 | D:2      | 1332 ||| IDENTIFYING scroll labelled RONOTR GOROVIO
  1333 | D:2      | 1333 ||| READING scroll of enchant weapon.
  1333 | D:2      | 1333 ||| ENCHANTING +0 shortbow.
  1334 | D:2      | 1334 ||| READING scroll labelled XIATIU YLITUUR.
  1335 | D:2      | 1335 ||| READING scroll labelled VUODIN ZODDEW.
  1336 | D:2      | 1336 ||| READING scroll labelled QURPHEFOSTI.
  1337 | D:2      | 1337 ||| DROPPING potion of degeneration.
  1451 | D:3      | Found an opulent altar of Gozag.
  1744 | D:3      | Reached skill level 3 in Dodging
  1812 | D:3      | Reached skill level 3 in Fighting
  1827 | D:3      | Reached XP level 5. HP: 40/40 MP: 0/0
  1827 | D:3      | Learned a level 2 spell: Lesser Beckoning
  2119 | D:3      | 2119 ||| READING scroll of identify.
  2119 | D:3      | 2119 ||| IDENTIFYING purple potion
  2120 | D:3      | 2120 ||| READING 2 scrolls labelled FUATSE ZAGOD.
  2123 | D:3      | 2123 ||| READING scroll labelled XISTRYD TYUL.
  2224 | D:3      | 2224 ||| DROPPING potion of attraction.
  2260 | D:4      | 2260 ||| FLEEEEING.
  2270 | D:4      | Reached skill level 5 in Ranged Weapons
  2278 | D:4      | Reached XP level 6. HP: 39/46 MP: 0/0
  2319 | D:4      | Found a transporter.
  2382 | D:4      | Noticed qw's ghost (amateur DjHu)
  2460 | D:4      | Found a transporter.
  2486 | D:4      | 2486 ||| READING scroll of enchant weapon.
  2486 | D:4      | 2486 ||| ENCHANTING +1 shortbow.
  2502 | D:4      | Reached XP level 7. HP: 52/52 MP: 0/0
  2502 | D:4      | Learned a level 3 spell: Frozen Ramparts
  2616 | D:4      | Found a hazy altar of Hepliaklqana.
  2660 | D:4      | Found a white marble altar of Elyvilon.
  2702 | D:4      | Found a shadowy altar of Dithmenos.
  2702 | D:4      | Noticed a shadow
  2850 | D:4      | 2850 ||| UPGRADING to +0 cloak.
  2855 | D:4      | 2855 ||| UPGRADING to +0 pair of gloves.
  2860 | D:4      | 2860 ||| READING scroll of identify.
  2860 | D:4      | 2860 ||| IDENTIFYING metallic black potion
  2861 | D:4      | 2861 ||| READING scroll labelled USYIBLU ZARU.
  2906 | D:5      | Entered Level 5 of the Dungeon
  2939 | D:5      | Reached skill level 1 in Armour
  2949 | D:5      | Found a bloodstained altar of Trog.
  3047 | D:5      | You are sucked into a shaft and drop 2 floors!
  3084 | D:7      | Found Doak Cex's Distillery.
  3092 | D:7      | 3092 ||| BUYING 2 potions of curing (84 gold).
  3092 | D:7      | Bought 2 potions of curing for 84 gold pieces
  3092 | D:7      | 3092 ||| SHOPLISTING 2 potions of mutation (224 gold, have
                  | 91).
  3092 | D:7      | 3092 ||| BUYING potion of curing (42 gold).
  3092 | D:7      | Bought a potion of curing for 42 gold pieces
  3092 | D:7      | 3092 ||| BUYING potion of curing (42 gold).
  3092 | D:7      | Bought a potion of curing for 42 gold pieces
  3092 | D:7      | 3092 ||| SHOPLISTING potion of curing (42 gold, have 7).
  3092 | D:7      | 3092 ||| SHOPLISTING potion of enlightenment (70 gold, have
                  | 7).
  3092 | D:7      | 3092 ||| SHOPLISTING potion of mutation (112 gold, have 7).
  3159 | D:7      | Reached skill level 6 in Ranged Weapons
  3169 | D:7      | Found an ornate altar of the Wu Jian Council.
  3199 | D:7      | Reached XP level 8. HP: 43/58 MP: 0/0
  3219 | D:7      | 3219 ||| READING scroll of identify.
  3219 | D:7      | 3219 ||| IDENTIFYING grey potion
  3224 | D:7      | 3224 ||| FLEEEEING.
  3226 | D:7      | 3226 ||| RETREEEEATING.
  3230 | D:7      | 3230 ||| RETREEEEATING.
  3233 | D:7      | 3233 ||| RETREEEEATING.
  3234 | D:7      | 3234 ||| RETREEEEATING.
  3235 | D:7      | 3235 ||| RETREEEEATING.
  3236 | D:7      | 3236 ||| RETREEEEATING.
  3237 | D:7      | 3237 ||| RETREEEEATING.
  3250 | D:7      | HP: 4/58 [wight/+5 morningstar of freezing (17)]
  3250 | D:7      | Slain by a wight

Levels and vault maps discovered:
D:1:      tarquinn_simple_flora_water_f, layout_basic, serial_glass,
          glass_columns_b, glass_columns_c, glass_columns_a, glass_columns_a,
          glass_columns_a, glass_columns_b
D:2:      layout_loops_ring
D:3:      layout_basic, grunt_gozag_breadcrumbs
D:4:      layout_cave_pools, riverfiend_overflow_shadow_ancestor,
          elyvilon_altar_5, gammafunk_ghost_mausoleum, lemuel_flame_loot_1
D:5:      layout_basic, mainiacjoe_overflow_six_doors_small,
          gammafunk_temple_overflow_elements
D:7:      layout_rooms, nzn_wu_jian_contemplation,
          mainiacjoe_overflow_big_doors, serial_shops, shop,
          nicolae_underground_beach, uniq_crazy_yiuf_cottage

Skill      XL: |  1  2  3  4  5  6  7  8 |
---------------+-------------------------+-----
Ranged Weapons | 4 5 6 |  6.5
Dodging        | 3 4 5 |  5.3
Fighting       | 3 4 |  4.0
Armour         | 1 |  1.6
Stealth        | |  0.7

Action                     |  1- 3 |  4- 6 |  7- 9 || total
---------------------------+-------+-------+-------++-------
   Fire: Shortbow          |    85 |   132 |    96 ||   313
    Use: Scroll            |     3 |    11 |     3 ||    17
 Armour: Leather armour    |     9 |       |       ||     9
         Robe              |       |    36 |    31 ||    67
  Dodge: Dodged            |    22 |    18 |    41 ||    81

Table legend:
 A = Non-vault XP
 B = Vault XP
 C = Vault XP percentage of total XP
 D = Non-vault monster count
 E = Vault monster count
 F = Vault count percentage of total count
                 A         B        C        D         E       F
            +---------+---------+-------+---------+---------+-------
      Total |    1365 |       0 |   0.0 |     102 |       0 |   0.0
            +---------+---------+-------+---------+---------+-------
        D:1 |      51 |       0 |   0.0 |      29 |       0 |   0.0
        D:2 |      21 |       0 |   0.0 |      12 |       0 |   0.0
        D:3 |      91 |       0 |   0.0 |      22 |       0 |   0.0
        D:4 |     386 |       0 |   0.0 |      23 |       0 |   0.0
        D:5 |     180 |       0 |   0.0 |       3 |       0 |   0.0
        D:7 |     636 |       0 |   0.0 |      13 |       0 |   0.0
            +---------+---------+-------+---------+---------+-------
